General information
			
			
        
        - name: korea3
 
        - type: Custom game
 
        - host: shishak_wcr
 
        - saver: GOKUMoN69
 
        
map: Korea 
        - players: 5
 
        - length: 45:52
 
        - speed: Fast
 - version: 1.22 W3XP
 - replay type:  Public
 
» download(166 KB)
Players
        team 1 (loser) 
              
              
shishak_wcr (
red | 85 APM | 3920 actions | 46:00)
              
 5 Demon Hunter 
 2 Mana Burn
 3 Evasion
 5 Pandaren Brewmaster 
 3 Breath of Fire
 2 Drunken Haze
 1 Pit Lord 
 1 Rain of Fire
 
                » actions 
                
                | Assign group hotkey | 114 |  | 
| Basic commands | 283 |  | 
| Build / train | 130 |  | 
| ESC pressed | 35 |  | 
| Enter build submenu | 52 |  | 
| Enter hero's abilities submenu | 11 |  | 
| Give item / drop item | 13 |  | 
| Right click | 1268 |  | 
| Select / deselect | 848 |  | 
| Select group hotkey | 827 |  | 
| Use ability | 339 |  | 
                3920 total
 » units 
                
                | Wisp | 46 |  | 
| Archer | 7 |  | 
| Dryad | 6 |  | 
| Druid of the Claw | 6 |  | 
| Chimaera | 3 |  | 
| Huntress | 1 |  | 
                69 total
 » upgrades
                
                | Ultravision | 1 |  | 
| Abolish Magic | 1 |  | 
| Druid of the Claw Training | 2 |  | 
| Strength of the Wild | 1 |  | 
| Improved Bows | 1 |  | 
| Reinforced Hides | 4 |  | 
| Nature's Blessing | 2 |  | 
| Mark of the Claw | 1 |  | 
| Sentinel | 1 |  | 
                14 total
 » buildings
                
                | Altar of Elders | 1 |  | 
| Moon Well | 8 |  | 
| Ancient of War | 2 |  | 
| Hunter's Hall | 2 |  | 
| Tree of Ages | 4 |  | 
| Ancient of Wonders | 2 |  | 
| Ancient of Lore | 2 |  | 
| Ancient Protector | 16 |  | 
| Tree of Eternity | 2 |  | 
| Ancient of Wind | 1 |  | 
| Tree of Life | 4 |  | 
| Chimaera Roost | 4 |  | 
                48 total
 » build order
                00:06 Altar of Elders
00:17 Moon Well
00:30 Ancient of War
01:47 Moon Well
02:45 Hunter's Hall
03:13 Tree of Ages
03:14 Tree of Ages
03:14 Tree of Ages
04:03 Hunter's Hall
04:24 Moon Well
04:50 Ancient of Wonders
06:00 Ancient of Lore
06:01 Ancient of Lore
06:25 Ancient Protector
06:33 Ancient Protector
06:35 Moon Well
06:45 Moon Well
08:34 Tree of Eternity
08:34 Tree of Eternity
12:49 Ancient Protector
12:56 Ancient Protector
15:26 Moon Well
15:29 Moon Well
15:48 Moon Well
16:12 Ancient Protector
18:22 Ancient of Wind
19:30 Tree of Life
22:03 Tree of Life
23:26 Tree of Life
24:17 Chimaera Roost
24:18 Chimaera Roost
24:41 Ancient Protector
26:40 Chimaera Roost
26:46 Ancient Protector
27:29 Ancient Protector
27:31 Ancient Protector
27:41 Ancient Protector
27:43 Ancient Protector
27:56 Ancient Protector
28:15 Ancient Protector
28:47 Ancient Protector
28:54 Ancient of Wonders
31:19 Ancient of War
31:58 Chimaera Roost
32:05 Ancient Protector
32:48 Ancient Protector
42:46 Tree of Life
» items
                
                | Dust of Appearance | 5 |  | 
| Boots of Speed | 1 |  | 
| Lesser Clarity Potion | 3 |  | 
| Moonstone | 1 |  | 
| Staff of Preservation | 2 |  | 
| Potion of Healing | 3 |  | 
| Orb of Venom | 3 |  | 
| Potion of Mana | 2 |  | 
| Staff of Teleportation | 1 |  | 
| Scroll of Town Portal | 2 |  | 
                23 total
  
               team 2 (winner) 
              
              
GOKUMoN69 (
dark-green | 81 APM | 3707 actions | 46:01)
              
 8 Blademaster 
 3 Wind Walk
 3 Critical Strike
 1 Bladestorm
 1 Mirror Image
 
                » actions 
                
                | Assign group hotkey | 13 |  | 
| Basic commands | 1 |  | 
| Build / train | 100 |  | 
| Enter build submenu | 54 |  | 
| Enter hero's abilities submenu | 8 |  | 
| Right click | 2469 |  | 
| Select / deselect | 834 |  | 
| Select group hotkey | 39 |  | 
| Use ability | 189 |  | 
                3707 total
 » units 
                
                | Peon | 13 |  | 
| Troll Batrider | 22 |  | 
| Wind Rider | 8 |  | 
                43 total
 » upgrades
                
                | Liquid Fire | 1 |  | 
| Ranged Weapons | 1 |  | 
| Reinforced Defenses | 1 |  | 
| Envenomed Spears | 1 |  | 
                4 total
 » buildings
                
                | Altar of Storms | 2 |  | 
| Orc Burrow | 9 |  | 
| War Mill | 2 |  | 
| Watch Tower | 31 |  | 
| Voodoo Lounge | 2 |  | 
| Stronghold | 2 |  | 
| Fortress | 1 |  | 
| Beastiary | 4 |  | 
| Great Hall | 1 |  | 
                54 total
 » build order
                00:04 Altar of Storms
00:08 Altar of Storms
00:23 Orc Burrow
00:38 War Mill
01:58 Watch Tower
02:02 Voodoo Lounge
02:21 Watch Tower
02:59 Watch Tower
03:52 Stronghold
04:12 Watch Tower
04:14 Watch Tower
04:17 Orc Burrow
06:16 Fortress
06:18 Beastiary
06:23 Beastiary
06:30 Orc Burrow
07:25 Watch Tower
08:24 Orc Burrow
08:27 Orc Burrow
08:54 Watch Tower
10:10 Watch Tower
10:58 Watch Tower
10:59 Watch Tower
11:59 Watch Tower
12:30 Watch Tower
12:39 Watch Tower
13:08 Watch Tower
13:27 Watch Tower
14:46 Watch Tower
14:56 Watch Tower
14:57 Watch Tower
15:39 Watch Tower
15:52 Watch Tower
16:53 Great Hall
17:10 Watch Tower
18:40 Watch Tower
18:42 Watch Tower
20:27 Beastiary
20:29 Beastiary
21:03 Watch Tower
21:57 War Mill
22:00 Orc Burrow
22:04 Voodoo Lounge
23:04 Orc Burrow
24:04 Orc Burrow
28:26 Orc Burrow
31:58 Watch Tower
36:33 Stronghold
39:14 Watch Tower
40:23 Watch Tower
45:01 Watch Tower
45:02 Watch Tower
45:03 Watch Tower
45:04 Watch Tower
» items
                
                | Dust of Appearance | 1 |  | 
| Boots of Speed | 8 |  | 
| Healing Salve | 16 |  | 
| Scroll of Speed | 2 |  | 
| Staff of Teleportation | 2 |  | 
| Lesser Clarity Potion | 6 |  | 
| Orb of Lightning | 1 |  | 
| Circlet of Nobility | 1 |  | 
| Potion of Lesser Invulnerability | 1 |  | 
| Potion of Mana | 1 |  | 
                39 total
  
               refereesguice, 
Stoppaduvan, 
downwherejr Chat log
          (00:41 / All) shishak_wcr: HF GL
(00:50 / All) GOKUMoN69: bow
(00:50 / All) Stoppaduvan: ty
(00:56 / All) shishak_wcr: YW
(01:10 / All) shishak_wcr: ??
(02:08 / All) downwherejr: Hey Goku, I heard your dad has a dick!
(02:10 / All) downwherejr: Burn.
(02:17 / All) guice: and russian
(02:18 / All) GOKUMoN69: manner up chan trash
(03:29 / All) GOKUMoN69: map hack n0ice
(03:33 / All) shishak_wcr: ...
(04:04 / All) GOKUMoN69: thank you for the boots
(04:10 / All) shishak_wcr: YW
(04:21 / All) GOKUMoN69: manner up please
(04:28 / All) shishak_wcr: i said YW
(04:39 / All) GOKUMoN69: manner up manner game trash noob
(04:45 / All) shishak_wcr: KOREA KROEA
(04:53 / All) guice: RUS RUS
(04:54 / All) downwherejr: You spelled Korea* wrong..
(04:57 / All) GOKUMoN69: funny how unmannered you are
(04:59 / All) shishak_wcr: SHUT UP I HATE YOU
(05:10 / All) downwherejr: Love you guys to death <3
(05:17 / All) GOKUMoN69: eat my tits borat
(06:48 / All) GOKUMoN69: manner up
(06:51 / All) GOKUMoN69: god
(07:06 / All) GOKUMoN69: QQ moar
(12:45 / All) GOKUMoN69: so how u doin?
(23:28 / All) GOKUMoN69: quick Q how you doin?
(23:38 / All) shishak_wcr: I'M SSSSSSUPER
(23:51 / All) GOKUMoN69: Im traped
(23:54 / All) shishak_wcr: I C
(23:59 / All) GOKUMoN69: bye
(28:37 / All) GOKUMoN69: What are your summer plans?
(29:44 / All) downwherejr: Tower-craft JR
(30:02 / All) GOKUMoN69: I dont map hack bro
(34:14 / All) GOKUMoN69: tower u doin?
(39:05 / All) GOKUMoN69: tower u doin?
(41:46 / All) GOKUMoN69: haha
(41:55 / All) GOKUMoN69: well
(43:33 / All) GOKUMoN69: methinks the trash should quit
(43:42 / All) downwherejr: Good day sir
(43:49 / All) GOKUMoN69: get the fuck out
(43:53 / All) guice: Good day russian guy*
(43:58 / All) downwherejr: GO back to 4/7 chan
(44:07 / All) GOKUMoN69: No u
(44:30 / All) GOKUMoN69: I u noobs do is troll no manner
(44:40 / All) downwherejr: All you do is mass trolls
(44:53 / All) GOKUMoN69: flyin orcs my friend
(45:25 / All) shishak_wcr: ok
(45:29 / All) GOKUMoN69: noob
(45:31 / All) GOKUMoN69: baby
(45:34 / All) guice: russian
(45:35 / All) shishak_wcr: we're playin on echo eisles
(45:37 / All) shishak_wcr: ...
(45:39 / All) GOKUMoN69: nope
(45:43 / All) GOKUMoN69: I just beat you
(45:44 / All) guice: DODGE
(45:47 / All) downwherejr: DODGE
(45:59 / All) shishak_wcr: GG
(45:59 / All) GOKUMoN69: I not beatin you 3 times in a row man